 Dungeon Crawl Stone Soup version 0.31.0-32-g396128a36d (webtiles) character file.

Game seed: 2567679366044049744

308 Henri the Ruffian (level 6, -6/42 HPs)
             Began as an Octopode Shapeshifter on Apr 7, 2024.
             Was a Follower of Jiyva.
             Mangled by Blork the orc
             ... wielding a +0 scimitar
              (10 damage)
             ... on level 4 of the Dungeon.
             The game lasted 00:07:43 (2486 turns).

Henri the Ruffian (Octopode Shapeshifter)           Turns: 2486, Time: 00:07:43

Health: -6/42      AC:  1    Str: 15    XL:     6   Next: 40%
Magic:  6/6        EV: 13    Int: 13    God:    Jiyva [*.....]
Gold:   243        SH:  0    Dex: 11    Spells: 5/5 levels left

rFire   . .          .
                       - Unarmed
rCold   + . .        (no shield)
rNeg    . . .        (helmet currently unavailable)
rPois   .            (no amulet)
rElec   .            o - ring of see invisible
rCorr   .            p - ring of protection from cold
SInv    +            (no ring)
Will    .....        (no ring)
Stlth   ++           (no ring)
HPRegen 1.07/turn    (no ring)
MPRegen 0.50/turn    (no ring)
                     (no ring)

%: no passive effects
@: beast-form, attractive, invisible
A: beast (slay +2), almost no armour, amphibious, 8 rings, camouflage 1,
gelatinous body 1, (nimble swimmer 1), tentacles, deterioration 1
a: Begin Untransformation, Renounce Religion


You were on level 4 of the Dungeon.
You worshipped Jiyva.
Jiyva was aware of your devotion.
You were a hulking beast.
You visited 1 branch of the dungeon, and saw 4 of its levels.

You collected 243 gold pieces.

Inventory:

Missiles
 m - 2 throwing nets (quivered)
Jewellery
 o - a ring of see invisible (left tentacle)
 p - a ring of protection from cold (right tentacle)
Talismans
 b - a beast talisman
 c - a flux talisman
Wands
 l - a wand of flame (13)
Scrolls
 d - a scroll of fog {unknown}
 g - 2 scrolls of poison {unknown}
 h - a scroll of amnesia {unknown}
 n - a scroll of revelation {unknown}
 q - a scroll of teleportation {unknown}
 r - a scroll of immolation {unknown}
 s - a scroll of enchant armour {unknown}
 t - a scroll of identify {unknown}
Potions
 a - a potion of lignification
 e - a potion of attraction
 f - a potion of mutation
 j - a potion of degeneration {unknown}
 k - a potion of curing {unknown}


   Skills:
 + Level 3.4 Fighting
 - Level 2.0 Dodging
 * Level 5.7 Unarmed Combat
 - Level 3.5 Shapeshifting


You had 5 spell levels left.
You didn't know any spells.
Your spell library contained the following spells:

 Spells                   Type           Power      Damage    Failure   Level
 Kiss of Death            Conj/Necr      0%         2d5       30%         1
 Confusing Touch          Hex            0%         N/A       67%         3
 Frozen Ramparts          Ice            0%         1d1       67%         3
 Summon Ice Beast         Ice/Summ       0%         N/A       67%         3
 Dispel Undead            Necr           0%         3d6       97%         4
 Leda's Liquefaction      Alch/Erth      0%         N/A       97%         4
 Petrify                  Alch/Erth      0%         N/A       97%         4
 Vhi's Electric Charge    Tloc/Air       0%         N/A       97%         4
 Arcjolt                  Conj/Air       0%         1d10      100%        5
 Metabolic Englaciation   Hex/Ice        0%         N/A       100%        5
 Summon Mana Viper        Hex/Summ       0%         N/A       100%        5
 Plasma Beam              Fire/Air       0%         2x1d10    100%        6
 Monstrous Menagerie      Summ           0%         N/A       100%        7


Dungeon Overview and Level Annotations

Branches:
Dungeon (4/15)
 Temple: D:4-7

Altars:
Okawaru
Ru
Jiyva

Annotations:
D:4 Blork the orc


Innate Abilities, Weirdness & Mutations

You are a hulking beast.
Your limbs bulge with bestial killing power. (Slay +2)
You cannot wear most types of armour.
You are amphibious.
You can wear up to eight rings at the same time.
Your skin changes colour to match your surroundings (Stealth+).
Your rubbery body absorbs attacks. (AC +1, EV +1)
((You are camouflaged when in or above water. (Stealth+)))
You have tentacles for arms and can constrict up to eight enemies at once.
Your body sometimes deteriorates upon taking damage.


Message History

You destroy the phantom!
Found a grey potion and a book of Decay.
You see here 9 gold pieces.
You now have 243 gold pieces (gained 9).
Jiyva says: Divide and consume!
You hear a distant slurping noise.
You hear a slurping noise.
You barely miss Blork the orc. You grab Blork the orc.
You constrict Blork the orc. Blork the orc barely misses you.
You bludgeon Blork the orc!
Blork the orc is moderately wounded.
You constrict Blork the orc.
Blork the orc hits you with a +0 scimitar! x2
* * * LOW HITPOINT WARNING * * *
You tentacle-slap Blork the orc.
Blork the orc is heavily wounded.
You constrict Blork the orc.
Blork the orc hits you with a +0 scimitar.
* * * LOW HITPOINT WARNING * * *
Unknown command.
It was a potion of attraction.
You feel attractive to monsters.
You constrict Blork the orc, but do no damage.
Blork the orc closely misses you.
You hear a distant slurping noise.
The goblin is attracted toward you.
It was a potion of mutation.
You feel extremely strange.
You feel yourself wasting away.
You constrict Blork the orc.
Blork the orc points at you and mumbles some strange words.
The magic dart hits you!
* * * LOW HITPOINT WARNING * * *
Blork the orc closely misses you. The jelly is attracted toward you.
It was a potion of invisibility.
You fade into invisibility!
You constrict Blork the orc.
Blork the orc screams, "I don't like you!"
Blork the orc barely misses you.
You release your grip on Blork the orc.
Blork the orc hits you with a +0 scimitar!
You die...

##>.## ##.##...o ##.....##
#.......g #.......## #..#
.........# ##o.###.. .........#
#####......... .......<.#
#.....#....... .........####
#..§..........
............######.....##......
#.............hogo.....# .....!
.........##.######.J#### ...$..
.........##<#......## ..:...
..............§...##..#
..........#..........#
.........###.....####
.........# ####### ..... ####


You could see Blork the orc (fast, unable to see you), an orc (unable to see
you), a goblin (unable to see you) and a neutral jelly (wandering) (fellow
slime).

Vanquished Creatures
  A phantom (D:4)
  A bombardier beetle (D:3)
  A jelly (D:3)
  Robin (D:2)
  6 gnolls (D:3)
  An adder (D:2)
  4 dart slugs
  2 orcs (D:3)
  6 endoplasms
  2 giant cockroaches (D:1)
  8 goblins
  12 hobgoblins
  7 jackals (D:2)
  6 quokkas
  6 ball pythons
  6 bats
  2 frilled lizards
  5 kobolds
  4 rats
81 creatures vanquished.

Notes
Turn   | Place    | Note
-------+----------+-------------------------------------------
     0 | D:1      | Henri the Octopode Shapeshifter began the quest for the
                  | Orb.
     0 | D:1      | Reached XP level 1. HP: 13/13 MP: 1/1
   274 | D:1      | Reached XP level 2. HP: 18/18 MP: 2/2
   645 | D:1      | Reached XP level 3. HP: 23/23 MP: 3/3
   926 | D:2      | Noticed Robin
  1217 | D:2      | Reached skill level 4 in Unarmed Combat
  1217 | D:2      | Reached XP level 4. HP: 29/29 MP: 4/4
  1428 | D:2      | Killed Robin
  1651 | D:3      | Found an iron altar of Okawaru.
  1651 | D:3      | Found a sacrificial altar of Ru.
  1668 | D:3      | Reached XP level 5. HP: 32/35 MP: 5/5
  1876 | D:3      | Noticed an ogre
  2003 | D:3      | Reached skill level 5 in Unarmed Combat
  2279 | D:3      | Reached XP level 6. HP: 37/42 MP: 6/6
  2342 | D:3      | Found a faded altar of an unknown god.
  2347 | D:3      | Prayed at the altar of an unknown god.
  2347 | D:3      | Became a worshipper of Jiyva Jyadghoh the Shapeless
  2347 | D:3      | Reached * piety under Jiyva
  2467 | D:4      | Noticed Blork the orc
  2484 | D:4      | Gained mutation: Your body sometimes deteriorates upon
                  | taking damage. [potion of mutation]
  2484 | D:4      | HP: 1/42 [Blork the orc/magic dart (9)]
  2486 | D:4      | Mangled by Blork the orc

Illustrated notes

Levels and vault maps discovered:
D:1:      psy_arrival_dodecagon, layout_loops_ring
D:2:      layout_rooms, kennysheep_cross_bottleneck, uniq_robin
D:3:      layout_rooms, jmf_multi_god_temple, hellmonk_ecumenical_altar_lost_god
D:4:      cheibrodos_greedy_goblins, layout_rooms, uniq_blork_the_orc

Skill      XL: |  1  2  3  4  5 |
---------------+----------------+-----
Fighting       | 2 3 |  3.4
Unarmed Combat | 4 5 |  5.7
Dodging        | |  2.0
Shapeshifting  | |  3.5

Action                     |  1- 3 |  4- 6 || total
---------------------------+-------+-------++-------
  Melee: Unarmed           |    71 |    89 ||   160
         Constrict         |    24 |    22 ||    46
         Tentacles         |    14 |    20 ||    34
         Punch             |       |     2 ||     2
    Use: Potion            |       |     3 ||     3
   Stab: Sleeping          |     9 |     4 ||    13
         Distracted        |     1 |       ||     1
 Armour: Skin              |    25 |    35 ||    60
  Dodge: Dodged            |    46 |    48 ||    94
